 Dungeon Crawl Stone Soup version 0.29.1-15-g9cfb28693d (webtiles) character file.

Game seed: 13785362890034144289

45 Artool the Trooper (level 3, -2/29 HPs)
             Began as a Demonspawn Fighter on Apr 11, 2023.
             Slain by Terence
             ... wielding a +0 falchion
              (7 damage)
             ... on level 1 of the Dungeon.
             The game lasted 00:02:41 (1725 turns).

Artool the Trooper (Demonspawn Fighter)             Turns: 1725, Time: 00:02:42

Health: -2/29      AC:  6    Str: 18    XL:     3   Next: 42%
Magic:  3/3        EV:  9    Int:  9    God:
Gold:   42         SH:  8    Dex: 12    Spells: 2/2 levels left

rFire   . . .      SeeInvis .   f - +0 whip
rCold   . . .      Faith    .   c - +0 buckler
rNeg    . . .      Spirit   .   b - +0 scale mail
rPois   .          Reflect  .   (no helmet)
rElec   .          Harm     .   (no cloak)
rCorr   .          Rampage  .   (no gloves)
Will    .....                   (no boots)
Stlth   ..........              (no amulet)
HPRegen 0.09/turn               (no ring)
MPRegen 0.08/turn               (no ring)

@: no status effects
A: condensation shield
a: no special abilities


You were on level 1 of the Dungeon.
You visited 1 branch of the dungeon, and saw 2 of its levels.

You collected 42 gold pieces.

Inventory:

Hand Weapons
 a - a +0 flail
 f - a +0 whip (weapon)
Armour
 b - a +0 scale mail (worn)
 c - a +0 buckler (worn)
Jewellery
 j - a ring of flight
Scrolls
 e - 2 scrolls of identify {unknown}
 g - a scroll of poison {unknown}
 h - a scroll of immolation {unknown}
Potions
 d - a potion of might
 i - a potion of curing {unknown}


   Skills:
 + Level 3.5 Fighting
 + Level 2.4 Maces & Flails
 + Level 3.2 Armour
 - Level 2.6 Shields


You had 2 spell levels left.
You didn't know any spells.
Your spell library contained the following spells:

 Spells                   Type           Power      Damage    Failure   Level
 Shock                    Conj/Air       0%         1d3       86%         1
 Swiftness                Air            0%         N/A       99%         3
 Airstrike                Air            0%         2d(0-16)  100%        4


Dungeon Overview and Level Annotations

Branches:
Dungeon (2/15)

Altars:

Annotations:
D:1 Terence


Innate Abilities, Weirdness & Mutations

A meltable shield of frost defends you. (SH +4)


Message History

The bat barely misses you.
There is a stone staircase leading up, spattered with blood here.
You block the bat's attack. The bat hits you but does no damage.
You climb upwards.
There is a stone staircase leading down here.
No target in view!
You climb downwards.
Level annotation: Terence You block the bat's attack.
Terence hits you but does no damage. You block the bat's attack.
There is a stone staircase leading up, spattered with blood here.
The bat hits you but does no damage. Terence hits you with a +0 falchion.
You climb upwards.
There is a stone staircase leading down here.
You hit Terence but do no damage. Terence completely misses you.
You hit Terence but do no damage. Terence closely misses you.
You hit Terence but do no damage. Terence hits you with a +0 falchion. x2
You closely miss Terence. Terence hits you with a +0 falchion.
You barely miss Terence. Terence barely misses you.
You closely miss Terence. Terence hits you with a +0 falchion.
You hit Terence.
Terence is moderately wounded.
You block Terence's attack.
You hit Terence.
Terence is heavily wounded.
Terence hits you with a +0 falchion.
You barely miss Terence.
Terence is heavily wounded.
You block Terence's attack.
You hit Terence but do no damage.
Terence is heavily wounded.
You block Terence's attack.
You hit Terence but do no damage.
Terence is heavily wounded.
Terence hits you with a +0 falchion.
* * * LOW HITPOINT WARNING * * *
You closely miss Terence.
Terence is heavily wounded.
Terence hits you with a +0 falchion!
You die...

# ####### #
######.....# #
#..@@#.....######## #
#.##.#............# #
#.##.#.....#......# #
#.##.#...).#.########
#.##.#.....#.##..(...
#.##.##.####)##.####.
#.......# #.##.#..#.
####.#### #.##.#..#.
#....#####.##......


You could see Terence (resistant).

Vanquished Creatures
  An adder (D:1)
  2 worms
  A dart slug (D:2)
  3 bats (D:1)
  An endoplasm (D:1)
  2 giant cockroaches (D:1)
  2 goblins (D:1)
  A hobgoblin (D:1)
  3 jackals (D:1)
  A quokka (D:1)
  3 ball pythons
  2 frilled lizards (D:1)
  6 kobolds (D:1)
  A rat (D:1)
29 creatures vanquished.

Notes
Turn   | Place    | Note
-------+----------+-------------------------------------------
     0 | D:1      | Artool the Demonspawn Fighter began the quest for the Orb.
     0 | D:1      | Reached XP level 1. HP: 18/18 MP: 1/1
   302 | D:1      | Gained mutation: A meltable shield of frost defends you.
                  | (SH +4) [demonic ancestry]
   302 | D:1      | Reached XP level 2. HP: 24/24 MP: 2/2
   994 | D:2      | Found a faded altar of an unknown god.
  1034 | D:1      | Reached XP level 3. HP: 5/29 MP: 3/3
  1681 | D:2      | Noticed Terence
  1725 | D:1      | Slain by Terence

Illustrated notes

Levels and vault maps discovered:
D:1:      saegor_arrival_under_anarchy, layout_basic
D:2:      layout_loops_ring, serial_shops, nicolae_shop_waterfront,
          nicolae_ecumenical_pavilion, serial_bayou_pond_e, serial_bayou_pond_e,
          uniq_robin, uniq_terence, uniq_sigmund

Skill      XL: |  1  2 |
---------------+-------+-----
Maces & Flails | 2 |  2.4
Armour         | 3 |  3.2
Fighting       | |  3.5
Shields        | |  2.6

Action                   || total
-------------------------++-------
Melee: Flail             ||    34
       Whip              ||   107
Armor: Scale mail        ||    71
Dodge: Dodged            ||    62
Block: Buckler           ||    67
